[Event "Rated Blitz game"]
[Site "?"]
[Date "2021.08.16"]
[Round "?"]
[White "geomoron"]
[Black "PeterCarlSchach"]
[Result "1-0"]
[ECO "C42"]
[WhiteElo "2315"]
[BlackElo "2484"]
[PlyCount "37"]
[EventDate "2021.??.??"]
[EventType "blitz"]
[TimeControl "300+3"]

1. e4 e5 2. Nf3 Nf6 3. Nxe5 d6 4. Nxf7 Kxf7 5. Nc3 Be6 6. d4 Be7 7. f4 Re8 8.
f5 Bd7 9. Bc4+ Kf8 10. O-O Nc6 11. Kh1 a6 12. a3 b5 13. Ba2 Qc8 14. b4 a5 15.
bxa5 Rxa5 16. Nd5 Nxe4 17. Qh5 Nd8 18. Qxh7 Nf7 19. Nf4 {Normal} 1-0

[Event "Rated Blitz game"]
[Site "?"]
[Date "2021.08.16"]
[Round "?"]
[White "exmath"]
[Black "compte_galere"]
[Result "0-1"]
[ECO "C42"]
[WhiteElo "2357"]
[BlackElo "2460"]
[PlyCount "30"]
[EventDate "2021.??.??"]
[EventType "blitz"]
[TimeControl "180"]

1. e4 e5 2. Nf3 Nf6 3. Nxe5 d6 4. Nxf7 Kxf7 5. Nc3 c5 6. d4 cxd4 7. Qxd4 Nc6 8.
Bc4+ d5 9. Bxd5+ Nxd5 10. Qxd5+ Qxd5 11. Nxd5 Be6 12. c3 Rd8 13. Ne3 Bc5 14.
O-O Rhe8 15. f4 Bc4 {Normal} 0-1

[Event "Rated Blitz game"]
[Site "?"]
[Date "2021.08.16"]
[Round "?"]
[White "Xanax_2mg"]
[Black "playforwin64"]
[Result "0-1"]
[ECO "C42"]
[WhiteElo "2447"]
[BlackElo "2385"]
[PlyCount "112"]
[EventDate "2021.??.??"]
[EventType "blitz"]
[TimeControl "180"]

1. e4 e5 2. Nf3 Nf6 3. Nxe5 d6 4. Nxf7 Kxf7 5. Bc4+ d5 6. exd5 Bd6 7. O-O Re8
8. d4 Kg8 9. Bb3 b6 10. c4 Bg4 11. f3 Bh5 12. Bg5 Nbd7 13. Nc3 Qe7 14. Qd2 h6
15. Rae1 Qf7 16. Bh4 Rxe1 17. Rxe1 Re8 18. Nb5 Rxe1+ 19. Qxe1 a6 20. Nxd6 cxd6
21. Bc2 Bg6 22. Bxg6 Qxg6 23. Qe6+ Kh7 24. Bxf6 Nxf6 25. Qxd6 Qb1+ 26. Kf2
Qxb2+ 27. Kg3 Qxd4 28. h4 Qxc4 29. Qxb6 Qxa2 30. d6 a5 31. Qc6 Qd2 32. Kh3 Qd4
33. Qc2+ g6 34. Qc7+ Kh8 35. Qd8+ Kg7 36. Qe7+ Kg8 37. Qd8+ Kf7 38. Qc7+ Ke6
39. Qe7+ Kf5 40. g4+ Kf4 41. d7 Nxd7 42. Qf7+ Ke3 43. Qxg6 Kxf3 44. Qf5+ Ke3
45. Qe6+ Ne5 46. Qf5 Qxg4+ 47. Qxg4 Nxg4 48. Kxg4 a4 49. Kh5 a3 50. Kxh6 a2 51.
Kg6 a1=Q 52. h5 Qh8 53. h6 Kf4 54. h7 Kg4 55. Kh6 Kf5 56. Kh5 Qxh7# {Normal}
0-1

[Event "Rated Blitz game"]
[Site "?"]
[Date "2021.08.15"]
[Round "?"]
[White "AB1GN3RD"]
[Black "Rainwalker40"]
[Result "0-1"]
[ECO "C42"]
[WhiteElo "2313"]
[BlackElo "2410"]
[PlyCount "39"]
[EventDate "2021.??.??"]
[EventType "blitz"]
[TimeControl "300"]

1. e4 e5 2. Nf3 Nf6 3. Nxe5 d6 4. Nxf7 Kxf7 5. Nc3 Qe8 6. d4 d5 7. Bd3 Bb4 8.
O-O Bxc3 9. bxc3 dxe4 10. Re1 Qc6 11. Bf1 Bg4 12. Be2 Bxe2 13. Qxe2 Re8 14. Bg5
Nbd7 15. c4 Kg8 16. d5 Qd6 17. Red1 Rf8 18. Rab1 b6 19. Qd2 Ng4 20. h3 {Normal}
0-1

[Event "Rated Blitz game"]
[Site "?"]
[Date "2021.08.15"]
[Round "?"]
[White "Salvaged_Dirt"]
[Black "LUDVIG_CARLSSON"]
[Result "0-1"]
[ECO "C42"]
[WhiteElo "2512"]
[BlackElo "2573"]
[PlyCount "42"]
[EventDate "2021.??.??"]
[EventType "blitz"]
[TimeControl "180"]

1. e4 e5 2. Nf3 Nf6 3. Nxe5 d6 4. Nxf7 Kxf7 5. d4 c5 6. Nc3 Nc6 7. Bc4+ Ke8 8.
d5 Ne5 9. Bb5+ Bd7 10. f4 Bxb5 11. Nxb5 Qa5+ 12. Nc3 Ned7 13. O-O Be7 14. Be3
Kf7 15. e5 dxe5 16. d6 Bd8 17. fxe5 Re8 18. Qd5+ Kf8 19. exf6 Nxf6 20. Qxc5
Rxe3 21. Qxe3 Bb6 {Normal} 0-1

[Event "Rated Blitz game"]
[Site "?"]
[Date "2021.08.15"]
[Round "?"]
[White "RatzFatzWeg"]
[Black "Oleggelo17"]
[Result "1-0"]
[ECO "C42"]
[WhiteElo "2531"]
[BlackElo "2422"]
[PlyCount "133"]
[EventDate "2021.??.??"]
[EventType "blitz"]
[TimeControl "180+2"]

1. e4 e5 2. Nf3 Nf6 3. Nxe5 d6 4. Nxf7 Kxf7 5. Nc3 c6 6. d4 Be7 7. Bc4+ d5 8.
exd5 cxd5 9. Nxd5 Be6 10. Ne3 Bxc4 11. Nxc4 Re8 12. O-O Kg8 13. c3 Qd5 14. Ne3
Qh5 15. Qb3+ Kh8 16. Qxb7 Nbd7 17. Re1 Bd6 18. h3 a5 19. Bd2 Nf8 20. Qf3 Qxf3
21. gxf3 Ne6 22. Nf5 Bf8 23. Be3 Nd5 24. c4 Nb4 25. Red1 g6 26. Ng3 Bg7 27. d5
Nf8 28. Rd2 Rac8 29. Ne4 Be5 30. c5 Red8 31. d6 Ne6 32. Ng5 Nxg5 33. Bxg5 Rd7
34. Re1 Nc6 35. Rxe5 Nxe5 36. Bf6+ Kg8 37. Bxe5 Rxc5 38. Bg3 Kf7 39. Kg2 Ke6
40. Re2+ Kd5 41. Re4 Kc6 42. b3 Rc2 43. Ra4 Kb5 44. h4 h5 45. Be5 Rc5 46. f4
Kc6 47. Re4 Rb7 48. Re3 Rd5 49. Rg3 a4 50. bxa4 Ra7 51. Rxg6 Rxa4 52. Rg7 Rxa2
53. Rc7+ Kb6 54. d7 Rad2 55. Rc8 Rxd7 56. Rh8 Ra2 57. Rh6+ Kc5 58. Rxh5 Kc4 59.
f5 Rdd2 60. Bg3 Kd5 61. Rh8 Ra6 62. Re8 Rda2 63. Kf3 Ra8 64. Re5+ Kd4 65. Re6
Rf8 66. Kf4 Ra4 67. Re4+ {Normal} 1-0

[Event "Rated Blitz tournament jya9AxXA"]
[Site "?"]
[Date "2021.08.15"]
[Round "?"]
[White "ExpresoNocturno"]
[Black "TCF_Namelecc"]
[Result "0-1"]
[ECO "C42"]
[WhiteElo "2273"]
[BlackElo "2447"]
[PlyCount "108"]
[EventDate "2021.??.??"]
[EventType "blitz"]
[TimeControl "180+2"]

1. e4 e5 2. Nf3 Nf6 3. Nxe5 d6 4. Nxf7 Kxf7 5. d4 c5 6. c3 Be7 7. Bd3 Re8 8.
Qb3+ Kf8 9. O-O Nc6 10. Be3 Qb6 11. Qd1 cxd4 12. cxd4 Nb4 13. Be2 Nxe4 14. Nc3
Nxc3 15. bxc3 Nd5 16. Bc4 Nf6 17. Qd3 d5 18. Bb3 Be6 19. Rae1 Bf7 20. Bg5 Kg8
21. Bc2 Bg6 22. Qd2 Ne4 23. Bxe4 dxe4 24. Be3 Rac8 25. f3 exf3 26. Rxf3 Bf6 27.
Ref1 Qa5 28. Bf4 Re4 29. Bd6 Rxd4 30. Rxf6 gxf6 31. Qxd4 Qxc3 32. Qxc3 Rxc3 33.
Rxf6 Bf7 34. Rf2 Rc1+ 35. Rf1 Rxf1+ 36. Kxf1 Bxa2 37. Bc5 b6 38. Bd6 Kf7 39.
Bb8 a6 40. Ba7 b5 41. Kf2 Ke6 42. Ke3 Kd5 43. Kd3 Bb1+ 44. Kc3 a5 45. g3 Kc6
46. Bd4 Be4 47. h4 b4+ 48. Kb3 Kb5 49. Bf6 a4+ 50. Kb2 a3+ 51. Ka2 Bd5+ 52. Ka1
b3 53. Be7 b2+ 54. Kb1 Be4+ {Normal} 0-1

[Event "Rated Blitz game"]
[Site "?"]
[Date "2021.08.15"]
[Round "?"]
[White "judineptune"]
[Black "leakovic"]
[Result "1-0"]
[ECO "C42"]
[WhiteElo "2467"]
[BlackElo "2394"]
[PlyCount "117"]
[EventDate "2021.??.??"]
[EventType "blitz"]
[TimeControl "180"]

1. e4 e5 2. Nf3 Nf6 3. Nxe5 d6 4. Nxf7 Kxf7 5. d4 g6 6. Nc3 Kg7 7. Bc4 c6 8.
O-O Be7 9. f4 Rf8 10. e5 Ng8 11. Be3 d5 12. Bd3 Nh6 13. h3 Bf5 14. g4 Bxd3 15.
Qxd3 Nd7 16. f5 Bg5 17. f6+ Nxf6 18. exf6+ Rxf6 19. Bxg5 Rxf1+ 20. Rxf1 Qxg5
21. Qf3 Re8 22. Qf4 Qxf4 23. Rxf4 Nf7 24. Rf2 Ng5 25. Kg2 Ne4 26. Nxe4 Rxe4 27.
c3 a5 28. Kf3 g5 29. Re2 Rxe2 30. Kxe2 Kf6 31. Kd3 Ke6 32. c4 h6 33. c5 Kd7 34.
Kc3 Kc7 35. b4 b6 36. bxa5 bxc5 37. dxc5 Kb7 38. Kb3 Ka6 39. Kb4 Ka7 40. Kc3
Kb8 41. Kd4 Kb7 42. Kc3 Ka7 43. Kb3 Kb8 44. a6 Ka7 45. Kb4 Kxa6 46. Ka4 d4 47.
Kb4 d3 48. Kc3 Kb5 49. Kxd3 Kxc5 50. a4 Kb4 51. Kd4 Kxa4 52. Kc5 Kb3 53. Kxc6
Kc3 54. Kd5 Kd3 55. Ke5 Ke3 56. Kf6 Kf3 57. Kg6 Kg3 58. Kxh6 Kxh3 59. Kxg5 {
Normal} 1-0

[Event "Rated Blitz game"]
[Site "?"]
[Date "2021.08.15"]
[Round "?"]
[White "Doubleb17"]
[Black "mkharin"]
[Result "1-0"]
[ECO "C42"]
[WhiteElo "2447"]
[BlackElo "2382"]
[PlyCount "91"]
[EventDate "2021.??.??"]
[EventType "blitz"]
[TimeControl "180"]

1. e4 e5 2. Nf3 Nf6 3. Nxe5 d6 4. Nxf7 Kxf7 5. Nc3 c5 6. d4 cxd4 7. Qxd4 Nc6 8.
Bc4+ Be6 9. Bxe6+ Kxe6 10. Qc4+ Kd7 11. Bf4 Be7 12. O-O-O Qg8 13. Qb5 Kc7 14.
Rhe1 a6 15. Qf5 g6 16. Qh3 Rd8 17. Nd5+ Nxd5 18. exd5 Ne5 19. Be3 Kb8 20. Bb6
Rc8 21. f4 Nc4 22. Bd4 Qf7 23. Bxh8 Rxh8 24. g3 Bf6 25. c3 Rc8 26. Re6 Bh8 27.
Rd3 Qc7 28. Kc2 Nxb2 29. Kxb2 Bxc3+ 30. Kc2 Qc4 31. Qf1 Qxa2+ 32. Kd1 Qb1+ 33.
Ke2 Qc2+ 34. Kf3 Ba5 35. Rxd6 Bc7 36. Rd7 Re8 37. d6 Qc6+ 38. Kf2 Qxd7 39.
dxc7+ Qxc7 40. Qd1 Qc5+ 41. Kg2 Qc6+ 42. Kh3 Qe6+ 43. g4 Qe4 44. Rd7 Qe3+ 45.
Kh4 Qf2+ 46. Kg5 {Time forfeit} 1-0

[Event "Rated Blitz game"]
[Site "?"]
[Date "2021.08.15"]
[Round "?"]
[White "RatzFatzWeg"]
[Black "Efimenko"]
[Result "1-0"]
[ECO "C42"]
[WhiteElo "2535"]
[BlackElo "2493"]
[PlyCount "107"]
[EventDate "2021.??.??"]
[EventType "blitz"]
[TimeControl "180+2"]

1. e4 e5 2. Nf3 Nf6 3. Nxe5 d6 4. Nxf7 Kxf7 5. Nc3 c6 6. d4 Nbd7 7. Bd3 g6 8.
Bg5 Bg7 9. Qd2 Re8 10. O-O-O Qa5 11. Kb1 Kg8 12. Rhe1 Nb6 13. h3 Be6 14. b3 c5
15. d5 Bf7 16. Nb5 Qxd2 17. Bxd2 Red8 18. Bf4 Ne8 19. c4 a6 20. Na3 Nd7 21. Bg5
Bf6 22. Bd2 Ng7 23. Nc2 g5 24. Ne3 h5 25. Nf5 Nxf5 26. exf5 Ne5 27. Be2 Re8 28.
Kc2 Kg7 29. f4 gxf4 30. Bxf4 b5 31. g4 hxg4 32. hxg4 bxc4 33. bxc4 Rab8 34. g5
Bd8 35. Rb1 Ba5 36. Rh1 Rh8 37. Rxh8 Rxh8 38. Rb7 Rh2 39. Kd1 Rh1+ 40. Kc2 Rh4
41. Bxe5+ dxe5 42. g6 Rh2 43. Rxf7+ Kg8 44. Kd3 Rh3+ 45. Ke4 Rh4+ 46. Kxe5 Bc3+
47. Kd6 Re4 48. Bh5 Be5+ 49. Kxc5 Bd4+ 50. Kd6 Be5+ 51. Kc5 Bd4+ 52. Kc6 Rh4
53. Bd1 a5 54. d6 {Time forfeit} 1-0

[Event "Rated Blitz game"]
[Site "?"]
[Date "2021.08.14"]
[Round "?"]
[White "tatamaco"]
[Black "Oleggelo17"]
[Result "1-0"]
[ECO "C42"]
[WhiteElo "2389"]
[BlackElo "2402"]
[PlyCount "51"]
[EventDate "2021.??.??"]
[EventType "blitz"]
[TimeControl "180+2"]

1. e4 e5 2. Nf3 Nf6 3. Nxe5 d6 4. Nxf7 Kxf7 5. d4 c5 6. Bc4+ Be6 7. d5 Bg4 8.
f3 Bc8 9. O-O b5 10. Bxb5 Ba6 11. Bxa6 Nxa6 12. c4 Be7 13. Nc3 Re8 14. f4 Kg8
15. e5 Nd7 16. e6 Nf6 17. g4 h6 18. g5 hxg5 19. fxg5 Nh7 20. g6 Nf6 21. Bg5
Nxd5 22. Bxe7 Nxe7 23. Qh5 Nxg6 24. Qxg6 Qh4 25. Rad1 Qxc4 26. Rf7 {Normal} 1-0

[Event "Rated Blitz game"]
[Site "?"]
[Date "2021.08.14"]
[Round "?"]
[White "hagr135"]
[Black "Konevoyazher"]
[Result "1-0"]
[ECO "C42"]
[WhiteElo "2406"]
[BlackElo "2334"]
[PlyCount "73"]
[EventDate "2021.??.??"]
[EventType "blitz"]
[TimeControl "180"]

1. e4 e5 2. Nf3 Nf6 3. Nxe5 d6 4. Nxf7 Kxf7 5. d4 c5 6. Bc4+ d5 7. exd5 Bd6 8.
dxc5 Qa5+ 9. Nc3 Qxc5 10. Bb3 Re8+ 11. Be3 Rxe3+ 12. fxe3 Qxe3+ 13. Qe2 Qxe2+
14. Kxe2 Bg4+ 15. Kd3 Nbd7 16. h3 Nc5+ 17. Kd4 Bf5 18. Rhf1 Bg6 19. g4 h6 20.
h4 Ke7 21. g5 hxg5 22. hxg5 Nfd7 23. Rae1+ Kd8 24. Nb5 Nxb3+ 25. axb3 Bc5+ 26.
Kc3 a6 27. Nd4 Bxd4+ 28. Kxd4 Bxc2 29. Rf7 g6 30. Ree7 Bf5 31. d6 b5 32. Rxf5
gxf5 33. g6 Nf6 34. Ke5 Ne8 35. g7 Nxg7 36. Rxg7 Rc8 37. Ke6 {Normal} 1-0

[Event "Rated Blitz tournament Sryugq59"]
[Site "?"]
[Date "2021.08.14"]
[Round "?"]
[White "pany2020"]
[Black "DrawsKing"]
[Result "1-0"]
[ECO "C42"]
[WhiteElo "2579"]
[BlackElo "2206"]
[PlyCount "35"]
[EventDate "2021.??.??"]
[EventType "blitz"]
[TimeControl "180"]

1. e4 e5 2. Nf3 Nf6 3. Nxe5 d6 4. Nxf7 Kxf7 5. d4 Qe8 6. Bd3 c5 7. c3 Nc6 8.
O-O cxd4 9. cxd4 Nxd4 10. Bc4+ Ne6 11. f4 Ke7 12. Nc3 Bd7 13. e5 dxe5 14. fxe5
Ng8 15. Bxe6 Bxe6 16. Bg5+ Nf6 17. exf6+ gxf6 18. Bxf6+ {Normal} 1-0

[Event "Rated Blitz game"]
[Site "?"]
[Date "2021.08.14"]
[Round "?"]
[White "inflado"]
[Black "legbreaker"]
[Result "0-1"]
[ECO "C42"]
[WhiteElo "2423"]
[BlackElo "2440"]
[PlyCount "40"]
[EventDate "2021.??.??"]
[EventType "blitz"]
[TimeControl "180"]

1. e4 e5 2. Nf3 Nf6 3. Nxe5 d6 4. Nxf7 Kxf7 5. d4 Be7 6. Bc4+ Be6 7. Qe2 Qc8 8.
O-O Bxc4 9. Qxc4+ d5 10. exd5 Bd6 11. Nc3 Nbd7 12. Bg5 Nb6 13. Qe2 Qf5 14. Bxf6
Qxf6 15. Ne4 Qh6 16. h3 Rhe8 17. c4 Nxc4 18. Rac1 Nd2 19. Nxd6+ cxd6 20. Rc7+
Kg8 {Normal} 0-1

[Event "Rated Blitz game"]
[Site "?"]
[Date "2021.08.14"]
[Round "?"]
[White "Salvaged_Dirt"]
[Black "stammargg"]
[Result "1-0"]
[ECO "C42"]
[WhiteElo "2517"]
[BlackElo "2543"]
[PlyCount "85"]
[EventDate "2021.??.??"]
[EventType "blitz"]
[TimeControl "180"]

1. e4 e5 2. Nf3 Nf6 3. Nxe5 d6 4. Nxf7 Kxf7 5. d4 c5 6. Nc3 Nc6 7. Bc4+ Be6 8.
Bxe6+ Kxe6 9. d5+ Kf7 10. dxc6 bxc6 11. O-O Be7 12. f4 Re8 13. e5 Nd5 14. Nxd5
cxd5 15. Qxd5+ Kf8 16. b3 Qb6 17. Bb2 c4+ 18. Kh1 Qc5 19. Qxc5 dxc5 20. bxc4
Red8 21. Bc3 h5 22. Rab1 Rd7 23. Rfd1 Rad8 24. Rxd7 Rxd7 25. Kg1 Kf7 26. Kf2 g6
27. g3 Ke6 28. h3 Kf5 29. Kf3 Bd8 30. g4+ hxg4+ 31. hxg4+ Ke6 32. Ke4 Rh7 33.
f5+ gxf5+ 34. gxf5+ Kd7 35. Rb7+ Bc7 36. Ba5 Rh4+ 37. Kd5 Kc8 38. Rxc7+ Kb8 39.
f6 a6 40. f7 Rf4 41. e6 Ka8 42. e7 Rd4+ 43. Kxc5 {Normal} 1-0

[Event "Rated Blitz game"]
[Site "?"]
[Date "2021.08.14"]
[Round "?"]
[White "PuroNorteCarnale"]
[Black "Danila_07"]
[Result "1/2-1/2"]
[ECO "C42"]
[WhiteElo "2406"]
[BlackElo "2271"]
[PlyCount "131"]
[EventDate "2021.??.??"]
[EventType "blitz"]
[TimeControl "180"]

1. e4 e5 2. Nf3 Nf6 3. Nxe5 d6 4. Nxf7 Kxf7 5. d4 Qe7 6. Nc3 g6 7. Bc4+ Be6 8.
Bd3 Bg7 9. O-O Rf8 10. f4 Kg8 11. f5 Bf7 12. Bg5 h6 13. fxg6 Bxg6 14. Bc4+ Kh8
15. Bh4 c6 16. Qf3 Nbd7 17. Rae1 Nh5 18. Qg4 Rxf1+ 19. Rxf1 Qe8 20. Be6 Ndf6
21. Bxf6 Nxf6 22. Rxf6 Bxf6 23. d5 Bxc3 24. bxc3 cxd5 25. exd5 Kh7 26. h4 h5
27. Qg5 Qd8 28. Qf4 Qf8 29. Qg5 Qg7 30. a4 Rf8 31. a5 Qxc3 32. Qe7+ Qg7 33. Qg5
Qd4+ 34. Kh2 Qe5+ 35. Qg3 Qxg3+ 36. Kxg3 Bf5 37. c4 Bxe6 38. dxe6 Re8 39. Kf4
Rxe6 40. Kf5 Re5+ 41. Kf4 Rxa5 42. Ke4 Rc5 43. Kd4 b6 44. Kd3 a5 45. Kd4 a4 46.
Kd3 a3 47. Ke4 a2 48. Kf3 a1=Q 49. Kg3 Qe5+ 50. Kh3 Rxc4 51. g4 hxg4+ 52. Kg2
g3 53. Kh3 Rxh4+ 54. Kxh4 g2 55. Kh3 Qf4 56. Kxg2 Qg4+ 57. Kf2 b5 58. Ke3 b4
59. Kd2 d5 60. Kc2 Qc4+ 61. Kd2 d4 62. Ke1 d3 63. Kf2 b3 64. Ke3 b2 65. Kf2
b1=Q 66. Ke3 {Time forfeit} 1/2-1/2

[Event "Rated Blitz game"]
[Site "?"]
[Date "2021.08.14"]
[Round "?"]
[White "Sherlock90"]
[Black "Sjaakmatinone"]
[Result "1-0"]
[ECO "C42"]
[WhiteElo "2425"]
[BlackElo "2334"]
[PlyCount "129"]
[EventDate "2021.??.??"]
[EventType "blitz"]
[TimeControl "180"]

1. e4 e5 2. Nf3 Nf6 3. Nxe5 d6 4. Nxf7 Kxf7 5. Bc4+ d5 6. exd5 Bd6 7. O-O Re8
8. d4 Kg8 9. Bg5 Bf5 10. Bb3 Nbd7 11. c4 b6 12. Nc3 Qe7 13. Qf3 Bg6 14. Ba4 Rf8
15. Rfe1 Qf7 16. Re6 Bh5 17. Qf5 g6 18. Qc2 Ng4 19. h3 Nxf2 20. Bxd7 Qxd7 21.
Bf6 Rae8 22. Qxf2 Rxe6 23. dxe6 Qxe6 24. Rf1 Be7 25. Nd5 Bxf6 26. Nxf6+ Kh8 27.
d5 Qe5 28. b3 Be2 29. Re1 Rxf6 30. Qxe2 Qd4+ 31. Qe3 Qb2 32. Qe8+ Kg7 33. Qe7+
Rf7 34. Qe5+ Qxe5 35. Rxe5 Kf6 36. Re6+ Kf5 37. Kf2 h5 38. Ke3 g5 39. Kd4 g4
40. hxg4+ Kxg4 41. c5 Rf4+ 42. Re4 Rxe4+ 43. Kxe4 bxc5 44. Ke5 Kg3 45. Ke6 Kxg2
46. Kd7 h4 47. Kxc7 h3 48. d6 h2 49. d7 h1=Q 50. d8=Q Qh2+ 51. Qd6 Qh7+ 52. Kc6
Qe4+ 53. Qd5 Qxd5+ 54. Kxd5 Kf3 55. Kxc5 Ke4 56. b4 Ke5 57. b5 Ke6 58. Kc6 Ke7
59. Kc7 Ke8 60. Kb7 Kd8 61. Kxa7 Kc8 62. b6 Kd7 63. b7 Kc7 64. b8=Q+ Kc6 65.
Qb6+ {Normal} 1-0

[Event "Rated Blitz game"]
[Site "?"]
[Date "2021.08.14"]
[Round "?"]
[White "reda74"]
[Black "j7s7l7"]
[Result "1-0"]
[ECO "C42"]
[WhiteElo "2403"]
[BlackElo "2323"]
[PlyCount "63"]
[EventDate "2021.??.??"]
[EventType "blitz"]
[TimeControl "300"]

1. e4 e5 2. Nf3 Nf6 3. Nxe5 d6 4. Nxf7 Kxf7 5. Bc4+ Be6 6. Bxe6+ Kxe6 7. d4 Nc6
8. d5+ Kf7 9. dxc6 bxc6 10. Nc3 g6 11. O-O Bg7 12. Qe2 Re8 13. Qc4+ d5 14. Qxc6
dxe4 15. Bg5 Re6 16. Qc4 Rb8 17. Rad1 Qc8 18. Bxf6 Bxf6 19. Nxe4 Kg7 20. Nc5
Rc6 21. Qd5 Rd6 22. Qe4 Rxb2 23. Rxd6 cxd6 24. Ne6+ Kf7 25. Nf4 Qxc2 26. Qd5+
Kg7 27. Qxd6 Rxa2 28. Qd7+ Kh6 29. Qf7 Be5 30. Ne6 Qb2 31. Qf8+ Bg7 32. Qf4+ {
Normal} 1-0

[Event "Rated Blitz game"]
[Site "?"]
[Date "2021.08.13"]
[Round "?"]
[White "LaughingSnake"]
[Black "SenileOyster"]
[Result "0-1"]
[ECO "C42"]
[WhiteElo "2429"]
[BlackElo "2346"]
[PlyCount "134"]
[EventDate "2021.??.??"]
[EventType "blitz"]
[TimeControl "180+2"]

1. e4 e5 2. Nf3 Nf6 3. Nxe5 d6 4. Nxf7 Kxf7 5. d4 Nc6 6. Bc4+ d5 7. exd5 Na5 8.
Bd3 Bd6 9. O-O Re8 10. c4 b6 11. Nc3 Bg4 12. f3 Bh5 13. g4 Bg6 14. Ne4 Kg8 15.
Bg5 Be7 16. Bd2 Nb7 17. b4 Nd6 18. Qc2 Nfxe4 19. fxe4 Bg5 20. Rae1 Bxd2 21.
Qxd2 Bxe4 22. c5 Bxd3 23. Qxd3 Qh4 24. Rxe8+ Nxe8 25. Qf5 Nf6 26. Qe6+ Kh8 27.
Rf4 h6 28. d6 Re8 29. Qxe8+ Nxe8 30. d7 Qe7 31. Rf8+ Qxf8 32. d8=Q Kg8 33. a3
Qf7 34. c6 Kh7 35. Qd7 Qg6 36. h3 h5 37. d5 hxg4 38. hxg4 Nd6 39. Kg2 Qc2+ 40.
Kh3 Qd3+ 41. Kh4 Qe4 42. Qxc7 Nf5+ 43. Kg5 Ng3 44. Qxg3 Qxd5+ 45. Kh4 Qxc6 46.
Qd3+ Qg6 47. Qd5 Qh6+ 48. Kg3 Qe3+ 49. Kg2 Qxa3 50. b5 Qb2+ 51. Kf3 Qc3+ 52.
Kf4 Qf6+ 53. Ke4 Qg6+ 54. Kf4 Qf6+ 55. Kg3 Kg6 56. Qc6 Kf7 57. Qb7+ Qe7 58.
Qd5+ Kf8 59. Kf4 Qf7+ 60. Qxf7+ Kxf7 61. Kf5 g6+ 62. Ke5 Ke7 63. g5 Kd7 64. Kf6
a5 65. bxa6 Kc7 66. Ke5 b5 67. Kd5 Kb6 {Time forfeit} 0-1

[Event "Rated Blitz game"]
[Site "?"]
[Date "2021.08.13"]
[Round "?"]
[White "wallie666"]
[Black "micfel"]
[Result "1-0"]
[ECO "C42"]
[WhiteElo "2508"]
[BlackElo "2486"]
[PlyCount "81"]
[EventDate "2021.??.??"]
[EventType "blitz"]
[TimeControl "180"]

1. e4 e5 2. Nf3 Nf6 3. Nxe5 d6 4. Nxf7 Kxf7 5. d4 Be7 6. Nc3 c6 7. Bd3 Re8 8.
O-O Kg8 9. f4 Qb6 10. Bc4+ d5 11. exd5 cxd5 12. Bxd5+ Nxd5 13. Nxd5 Qd8 14. c4
Nc6 15. Nxe7+ Qxe7 16. d5 Qc5+ 17. Kh1 Qxc4 18. dxc6 Bg4 19. Qb3 Qxb3 20. axb3
bxc6 21. Bd2 Be6 22. b4 Bd5 23. Rf2 Re4 24. Bc3 Rae8 25. h3 Re2 26. Kg1 R8e7
27. Kf1 Bc4 28. Kg1 a6 29. f5 Rxf2 30. Kxf2 Re2+ 31. Kg3 Bd5 32. Rxa6 Rxg2+ 33.
Kf4 Rf2+ 34. Ke5 Re2+ 35. Kd6 Rf2 36. b5 Rxf5 37. Ra8+ Kf7 38. b6 c5 39. Ra7+
Kg6 40. Rxg7+ Kh6 41. b7 {Normal} 1-0

[Event "Rated Blitz game"]
[Site "?"]
[Date "2021.08.13"]
[Round "?"]
[White "harunov"]
[Black "adnansendur"]
[Result "1-0"]
[ECO "C42"]
[WhiteElo "2430"]
[BlackElo "2495"]
[PlyCount "113"]
[EventDate "2021.??.??"]
[EventType "blitz"]
[TimeControl "180"]

1. e4 e5 2. Nf3 Nf6 3. Nxe5 d6 4. Nxf7 Kxf7 5. Bc4+ Be6 6. Bxe6+ Kxe6 7. Nc3 c5
8. O-O Nc6 9. f4 Kd7 10. d3 Kc7 11. f5 h6 12. g4 Ne5 13. g5 hxg5 14. Bxg5 Be7
15. Bxf6 Bxf6 16. Nd5+ Kb8 17. c3 Rh4 18. d4 cxd4 19. cxd4 Nc6 20. e5 dxe5 21.
dxe5 Bxe5 22. Ne3 Qg5+ 23. Ng2 Rxh2 24. Qf3 a6 25. Rad1 Ka7 26. Qe3+ Qxe3+ 27.
Nxe3 Rxb2 28. Nc4 Bd4+ 29. Rxd4 Nxd4 30. Nxb2 Rf8 31. Rf4 Nxf5 32. Nc4 Rc8 33.
Na5 Rc5 34. Nb3 Rd5 35. Kf2 g5 36. Rg4 Nh6 37. Rc4 g4 38. Rc7 Kb6 39. Rh7 Rd6
40. Kg3 Rf6 41. Kh4 Rg6 42. Kh5 g3 43. Kxg6 g2 44. Kxh6 g1=Q 45. Rg7 Qe3+ 46.
Rg5 Qe2 47. Rg6+ Ka7 48. Rg7 Qxa2 49. Nc5 Qd2+ 50. Rg5 Qd6+ 51. Kh5 Qh2+ 52.
Kg6 Qd6+ 53. Kh5 b5 54. Rg7+ Kb6 55. Nxa6 Qc5+ 56. Nxc5 Kxc5 57. Rc7+ {Time
forfeit} 1-0

[Event "Rated Blitz game"]
[Site "?"]
[Date "2021.08.13"]
[Round "?"]
[White "transitos"]
[Black "SNOEBE"]
[Result "1-0"]
[ECO "C42"]
[WhiteElo "2371"]
[BlackElo "2510"]
[PlyCount "87"]
[EventDate "2021.??.??"]
[EventType "blitz"]
[TimeControl "300"]

1. e4 e5 2. Nf3 Nf6 3. Nxe5 d6 4. Nxf7 Kxf7 5. Nc3 c5 6. d4 cxd4 7. Qxd4 Nc6 8.
Bc4+ Be6 9. Bxe6+ Kxe6 10. Qc4+ Kd7 11. O-O a6 12. Bg5 Qa5 13. Bxf6 gxf6 14.
Nd5 Be7 15. b4 Qb5 16. Qxb5 axb5 17. Nb6+ Kc7 18. Nxa8+ Rxa8 19. c3 Ra3 20.
Rfc1 Ne5 21. Rc2 Nc4 22. Rd1 Bf8 23. g3 Kc6 24. Rd5 Ra8 25. Rf5 Bg7 26. Kf1 Re8
27. Rf4 Ne5 28. Ke2 d5 29. exd5+ Kxd5 30. Rd2+ Kc6 31. Re4 Ra8 32. f4 f5 33.
Rxe5 Bxe5 34. fxe5 Re8 35. Rd6+ Kc7 36. Rd5 Kc6 37. Rc5+ Kb6 38. Kf3 Ra8 39. h4
Rxa2 40. e6 Ra8 41. Rxf5 Re8 42. Re5 Re7 43. Ke4 Kc6 44. Kf5 {Normal} 1-0

[Event "Rated Blitz game"]
[Site "?"]
[Date "2021.08.13"]
[Round "?"]
[White "rotaberg"]
[Black "Usechess1962"]
[Result "1-0"]
[ECO "C42"]
[WhiteElo "2524"]
[BlackElo "2380"]
[PlyCount "95"]
[EventDate "2021.??.??"]
[EventType "blitz"]
[TimeControl "180+2"]

1. e4 e5 2. Nf3 Nf6 3. Nxe5 d6 4. Nxf7 Kxf7 5. d4 c5 6. Bc4+ d5 7. exd5 Nxd5 8.
Qh5+ Ke6 9. Qe5+ Kd7 10. Qxd5+ Kc7 11. Qxd8+ Kxd8 12. Bg5+ Kc7 13. Bf4+ Kb6 14.
d5 Bf5 15. Na3 Nd7 16. O-O-O Be7 17. Bb3 a6 18. Nc4+ Ka7 19. Ne3 Bg6 20. c4
Rhf8 21. Bg3 h5 22. h4 b5 23. a4 bxa4 24. Bxa4 Nb6 25. Bb3 a5 26. Bc2 Bxc2 27.
Kxc2 Bf6 28. b3 Kb7 29. Bd6 Rfc8 30. g4 hxg4 31. Nxg4 Bd4 32. Be5 Bxe5 33. Nxe5
a4 34. Ra1 axb3+ 35. Kxb3 Rxa1 36. Rxa1 Re8 37. Nd3 Nd7 38. Ra5 Re4 39. Nxc5+
Nxc5+ 40. Rxc5 Rxh4 41. Kc3 Rf4 42. d6 Rf6 43. Rc7+ Kb8 44. c5 Rxf2 45. Rxg7
Rf4 46. Rg8+ Kb7 47. d7 Rf3+ 48. Kc4 {Normal} 1-0

[Event "Rated Blitz game"]
[Site "?"]
[Date "2021.08.13"]
[Round "?"]
[White "harunov"]
[Black "adnansendur"]
[Result "0-1"]
[ECO "C42"]
[WhiteElo "2443"]
[BlackElo "2481"]
[PlyCount "48"]
[EventDate "2021.??.??"]
[EventType "blitz"]
[TimeControl "180"]

1. e4 e5 2. Nf3 Nf6 3. Nxe5 d6 4. Nxf7 Kxf7 5. Bc4+ Be6 6. Bxe6+ Kxe6 7. O-O c5
8. d4 cxd4 9. Qxd4 Nc6 10. Qc4+ Kd7 11. Nc3 Qe8 12. Bg5 Qe6 13. Qb5 Kc8 14.
Bxf6 gxf6 15. Nd5 Bg7 16. Qc4 Re8 17. Rae1 Kd7 18. f3 f5 19. b4 Rac8 20. Qb5 b6
21. exf5 Bd4+ 22. Kh1 Qxe1 23. c3 Re2 24. Ne3 Bxe3 {Normal} 0-1

[Event "Rated Blitz game"]
[Site "?"]
[Date "2021.08.13"]
[Round "?"]
[White "reda74"]
[Black "SNOEBE"]
[Result "0-1"]
[ECO "C42"]
[WhiteElo "2414"]
[BlackElo "2510"]
[PlyCount "150"]
[EventDate "2021.??.??"]
[EventType "blitz"]
[TimeControl "300"]

1. e4 e5 2. Nf3 Nf6 3. Nxe5 d6 4. Nxf7 Kxf7 5. Bc4+ d5 6. exd5 Bd6 7. O-O Re8
8. h3 a6 9. d3 Kg8 10. Nc3 b5 11. Bb3 Nbd7 12. Bg5 Bb7 13. Qf3 h6 14. Bh4 Ne5
15. Qf5 Bc8 16. Bxf6 Bxf5 17. Bxd8 Raxd8 18. Rfe1 Kf7 19. Ne4 Nd7 20. Re3 Nc5
21. Nxc5 Bxc5 22. d6+ Kf6 23. Rf3 Kg6 24. dxc7 Rc8 25. g4 Be6 26. Re1 Bxb3 27.
Rxe8 Rxe8 28. axb3 Rc8 29. c3 Rxc7 30. d4 Be7 31. Re3 Kf7 32. b4 Bf6 33. Re1
Re7 34. Ra1 Re6 35. Kg2 Ke7 36. Kg3 g5 37. f3 Kd7 38. Kf2 Bd8 39. Re1 Rxe1 40.
Kxe1 Kd6 41. Ke2 Kd5 42. Kd3 Bc7 43. b3 Bf4 44. c4+ Kc6 45. d5+ Kd6 46. Kd4 Bd2
47. c5+ Kd7 48. d6 Bxb4 49. Kd5 Ba5 50. c6+ Kd8 51. Kc5 Bd2 52. Kb6 Bf4 53. d7
b4 54. Kxa6 Kc7 55. Kb5 Bd6 56. Kc4 Be7 57. Kd5 Bd8 58. Kc5 Be7+ 59. Kd5 Bf6
60. Ke6 Bd8 61. Kd5 Be7 62. Ke6 Bd8 63. Kd5 Kb6 64. Kd6 Bc7+ 65. Ke7 Kxc6 66.
d8=Q Bxd8+ 67. Kxd8 Kd5 68. Ke7 Kd4 69. Kf6 Kc3 70. Kg6 Kxb3 71. Kxh6 Kc2 72.
Kxg5 b3 73. h4 b2 74. h5 b1=Q 75. h6 Qb7 {Time forfeit} 0-1